 Dungeon Crawl Stone Soup version 0.25-a0-277-g7046ed1b37 (webtiles) character file.

Game seed: 2219180685646131035, levelgen mode: deterministic

80 MoonlitKnight the Changer (level 4, 0/40 HPs)
             Began as a Troll Transmuter on Dec 9, 2019.
             Slain by an orc
             ... wielding a +0 club
              (1 damage)
             ... on level 3 of the Dungeon.
             The game lasted 00:03:46 (1277 turns).

MoonlitKnight the Changer (Troll Transmuter)        Turns: 1277, Time: 00:03:48

Health: 0/40       AC:  6    Str: 18    XL:     4   Next: 18%
Magic:  1/4        EV: 10    Int: 10    God:
Gold:   117        SH:  0    Dex: 10    Spells: 2/5 levels left

rFire    . . .     SeeInvis .     - Unarmed
rCold    . . .     Gourm    +   (no shield)
rNeg     . . .     Faith    .   b - +0 robe
rPois    .         Spirit   .   (helmet restricted)
rElec    .         Reflect  .   (no cloak)
rCorr    .         Harm     .   (gloves unavailable)
MR       .....                  (boots unavailable)
Stlth    +.........             (no amulet)
HPRegen  0.53/turn              (no ring)
MPRegen  0.09/turn              (no ring)

@: appendage
A: large, unfitting armour, claws 3, horns 2, fast metabolism 3, gourmand,
regeneration 1, shaggy fur 1, tough skin 3
a: End Transformation


You were on level 3 of the Dungeon.
You were completely stuffed.
You had grown temporary horns.
You visited 1 branch of the dungeon, and saw 3 of its levels.

You collected 117 gold pieces.

Inventory:

Hand Weapons
 a - a +0 hunting sling
Missiles
 e - 97 arrows
 i - 6 atropa-tipped darts
 m - 19 poisoned darts (quivered)
Armour
 b - a +0 robe (worn)
Scrolls
 g - 2 scrolls of identify {unknown}
 h - a scroll of remove curse {unknown}
 j - a scroll of fear {unknown}
Potions
 c - 2 potions of curing {unknown}
 f - 2 potions of flight {unknown}
 k - a potion of degeneration {unknown}
 n - 2 potions of agility {unknown}
Comestibles
 d - 5 rations


   Skills:
 - Level 0.7 Fighting
 - Level 1.5 Dodging
 - Level 3.0 Unarmed Combat
 - Level 1.2 Spellcasting
 + Level 3.3 Transmutations


You had 2 spell levels left.
You knew the following spells:

 Your Spells              Type           Power        Failure   Level  Hunger
a - Beastly Appendage     Tmut           #.....       9%          1    ##.....
b - Sticks to Snakes      Tmut           #.......     13%         2    ###....

Your spell library contained the following spells:

 Spells                   Type           Power        Failure   Level  Hunger
 Spider Form              Tmut/Pois      #.........   45%         3    ####...
 Ice Form                 Ice/Tmut       #.......     86%         4    #####..
 Blade Hands              Tmut           #.........   93%         5    ######.


Dungeon Overview and Level Annotations

Branches:
Dungeon (3/15)

Altars:
The Shining One


Innate Abilities, Weirdness & Mutations

You are too large for most types of armour.
You have claws for hands.
Your metabolism is lightning-fast.
You like to eat raw meat.
Your natural rate of healing is unusually fast.
You are covered in fur. (AC +1)
You have extremely tough skin. (AC +3)
You have a pair of horns on your head.


Message History

You claw the gnoll!
You kill the gnoll!
A goblin comes into view. It is wielding a +0 dagger.
The gnoll hits you with a +0 flail! The adder bites you but does no damage.
Your ball python bites the orc but does no damage.
Your ball python grabs the orc.
Your ball python constricts the orc.
You claw the adder! Your headbutt misses the adder.
The adder is severely wounded.
The gnoll hits you from afar with a +0 spear!
The adder bites you.
Your ball python loses its grip on the orc.
The orc hits you with a +0 club.
You closely miss the adder. Your headbutt misses the adder.
The adder is severely wounded.
The gnoll hits you but does no damage. The adder closely misses you.
The gnoll hits you with a +0 flail!
* * * LOW HITPOINT WARNING * * *
Your ball python bites the gnoll.
Your ball python grabs the gnoll.
Your ball python constricts the gnoll.
The orc hits you with a +0 club.
You die...

......# #..... .........
#.... ........
#...#####.$.....
#.......#. #...# .
#....##.#. #...# ..#
#.....#.#.##...#####...#
<.....#.#........S.....#
####..#.#......S@o$.....
##[#.#.......ggg....#
#...#..#+##.........
#####...##.# #...######
#..........# #...#
#.####.#.....##...#
..............#
###.......###..#
##......#


You could see 3 gnolls, an adder, an orc and a friendly ball python.

Vanquished Creatures
  2 adders (D:2)
  A gnoll (D:3)
  2 worms (D:2)
  A dart slug (D:2)
  A leopard gecko (D:1)
  7 bats
  2 giant cockroaches (D:1)
  5 goblins
  5 hobgoblins
  6 jackals (D:2)
  6 frilled lizards
  3 kobolds
  3 rats
44 creatures vanquished.

Notes
Turn   | Place    | Note
-------+----------+-------------------------------------------
     0 | D:1      | MoonlitKnight the Troll Transmuter began the quest for the
                  | Orb.
     0 | D:1      | Reached XP level 1. HP: 18/18 MP: 1/1
    74 | D:1      | Found a glowing golden altar of the Shining One.
   160 | D:1      | Reached XP level 2. HP: 25/26 MP: 2/2
   221 | D:1      | Learned a level 2 spell: Sticks to Snakes
   801 | D:2      | Reached XP level 3. HP: 29/32 MP: 1/3
  1010 | D:2      | Reached XP level 4. HP: 37/40 MP: 2/4
  1277 | D:3      | HP: 1/40 [gnoll/+0 flail (14)]
  1277 | D:3      | Slain by an orc

Levels and vault maps discovered:
D:1:      dpeg_arrival_lava_temple_mockup, layout_basic, tso_metal_star
D:2:      layout_rooms
D:3:      layout_basic, first_ration, guppyfry_early_orc_mine

Skill      XL: |  1  2  3 |
---------------+----------+-----
Transmutations | 2 3 |  3.3
Fighting       | |  0.7
Dodging        | |  1.5
Unarmed Combat | |  3.0
Spellcasting   | |  1.2

Action                   |  1- 3 |  4- 6 || total
-------------------------+-------+-------++-------
Melee: Unarmed           |   110 |     9 ||   119
       Headbutt          |     3 |       ||     3
       Kick              |     2 |       ||     2
 Cast: Beastly Appendage |     8 |     1 ||     9
       Sticks to Snakes  |       |     1 ||     1
  Eat: Chunk             |    15 |     3 ||    18
Armor: Robe              |    45 |     3 ||    48
Dodge: Dodged            |    63 |     5 ||    68

Table legend:
 A = Non-vault XP
 B = Vault XP
 C = Vault XP percentage of total XP
 D = Non-vault monster count
 E = Vault monster count
 F = Vault count percentage of total count
                 A         B        C        D         E       F
            +---------+---------+-------+---------+---------+-------
      Total |     115 |       0 |   0.0 |      44 |       0 |   0.0
            +---------+---------+-------+---------+---------+-------
        D:1 |      22 |       0 |   0.0 |      13 |       0 |   0.0
        D:2 |      80 |       0 |   0.0 |      30 |       0 |   0.0
        D:3 |      13 |       0 |   0.0 |       1 |       0 |   0.0
            +---------+---------+-------+---------+---------+-------
